 Dungeon Crawl Stone Soup version 0.29.1-2-gbd0b4ee654 (webtiles) character file.

Game seed: 14372340796849053925

2658 zeram the Basher (level 9, 0/56 HPs)
             Began as a Gargoyle Fighter on Nov 6, 2022.
             Was an Initiate of Yredelemnul.
             Hit by a javelin thrown by a centaur (4 damage)
             ... in a bailey.
             The game lasted 00:14:10 (4559 turns).

zeram the Basher (Gargoyle Fighter)                 Turns: 4559, Time: 00:14:10

Health: 0/56       AC: 15    Str: 24    XL:     9   Next: 62%
Magic:  9/9        EV: 12    Int:  9    God:    Yredelemnul [......]
Gold:   296        SH: 11    Dex:  9    Spells: 8/8 levels left

rFire   . . .      SeeInvis .   a - +1 flail
rCold   + . .      Faith    .   c - +0 buckler
rNeg    + . .      Spirit   .   m - +0 troll leather armour
rPois   ∞          Reflect  .   (no helmet)
rElec   +          Harm     .   (no cloak)
rCorr   +          Rampage  .   q - +0 pair of gloves
Will    +....                   p - +0 pair of boots
Stlth   +.........              (no amulet)
HPRegen 0.98/turn               z - ring of willpower
MPRegen 0.11/turn               t - ring of resist corrosion

@: no status effects
A: sickness immunity, AC +6, negative energy resistance 1, electricity
resistance, torment resistance 1, petrification resistance, iridescent scales 1,
large bone plates 2, cold resistance 1
a: Renounce Religion, Recall Undead Harvest


You were in a bailey.
You worshipped Yredelemnul.
Yredelemnul was noncommittal.
You visited 1 branch of the dungeon, and saw 7 of its levels.
You also visited: Bailey.

You collected 296 gold pieces.

Inventory:

Hand Weapons
 a - a +1 flail (weapon)
 n - a +0 vorpal dire flail
 y - a +0 halberd
Armour
 b - a +0 scale mail
 c - a +0 buckler (worn)
 m - a +0 troll leather armour (worn)
 p - a +0 pair of boots (worn)
 q - a +0 pair of gloves (worn)
Jewellery
 l - an amulet of faith
 t - a ring of resist corrosion (right hand)
 z - a ring of willpower (left hand)
Wands
 d - a wand of acid (9)
 e - a wand of digging (8)
 u - a wand of charming (1)
 x - a wand of flame (19)
 A - a wand of polymorph (9)
Scrolls
 f - a scroll of magic mapping
 h - 3 scrolls of teleportation
 w - 2 scrolls of identify
 B - a scroll of enchant weapon
 C - a scroll of silence {unknown}
Potions
 g - 2 potions of attraction
 j - 2 potions of mutation
 k - 2 potions of lignification
 o - 2 potions of brilliance
 r - 2 potions of resistance {unknown}
 s - 5 potions of curing
 v - a potion of might


   Skills:
 + Level 6.3 Fighting
 + Level 8.1 Maces & Flails
 + Level 4.9 Armour
 + Level 4.5 Dodging
 + Level 7.1 Shields
 + Level 0.4 Evocations


You had 8 spell levels left.
You didn't know any spells.
Your spell library contained the following spells:

 Spells                   Type           Power      Damage    Failure   Level
 Apportation              Tloc           0%         N/A       50%         1
 Gell's Gravitas          Tloc           0%         N/A       86%         3
 Teleport Other           Tloc           0%         N/A       86%         3
 Summon Ice Beast         Ice/Summ       0%         N/A       99%         4
 Alistair's Intoxication  Tmut/Pois      0%         N/A       100%        5
 Summon Mana Viper        Hex/Summ       0%         N/A       100%        5
 Dispersal                Tloc           0%         N/A       100%        6
 Monstrous Menagerie      Summ           0%         N/A       100%        7


Dungeon Overview and Level Annotations

Branches:
Dungeon (9/15)             Bailey (1/1)
 Temple: D:4-7         Lair: D:8-11         Orc: D:9-12

Altars:
Qazlal
Ru
Yredelemnul


Innate Abilities, Weirdness & Mutations

You are immune to sickness and miasma.
Your stone body is resilient. (AC +6)
You are immune to poison.
You resist negative energy. (rN+)
You are resistant to electric shocks. (rElec)
You are resistant to unholy torment.
You are immune to petrification.
You are partially covered in iridescent scales. (AC +2)
You are mostly covered in large bone plates. (SH +6)
Your flesh is cold resistant. (rC+)


Message History

You kill the orc warrior!
The centaur barely misses you.
Unknown command.
You swap places.
A centaur and an orc warrior come into view.
The centaur shouts!
The orc warrior shouts!
The centaur throws a javelin.
The javelin closely misses you.
An orc comes into view. It is wielding a +0 spear.
The orc warrior closely misses you.
Things that are here:
a +0 trident; a +0 scale mail The centaur hits you but does no damage. x2
The centaur throws a javelin.
The javelin pierces through you but does no damage.
Your centaur throws a javelin.
The javelin pierces through the centaur.
The centaur throws a javelin.
The javelin pierces through you but does no damage.
The centaur throws a javelin.
The javelin pierces through you.
The centaur throws a javelin.
The javelin pierces through you.
The centaur throws a javelin.
The javelin pierces through you.
* * * LOW HITPOINT WARNING * * *
The centaur throws a javelin.
The javelin barely misses you.
Your centaur throws a javelin.
The javelin pierces through the centaur!
The centaur throws a javelin.
The javelin misses you.
The centaur throws a javelin.
The javelin pierces through your orc warrior zombie.
Your orc warrior zombie is destroyed!
The javelin pierces through you.
* * * LOW HITPOINT WARNING * * *
The centaur throws a javelin.
The javelin pierces through you.
* * * LOW HITPOINT WARNING * * *
The centaur throws a javelin.
The javelin closely misses you.
A javelin appears from out of your range of vision.
The centaur throws a javelin.
The javelin pierces through you!
* * * LOW HITPOINT WARNING * * *
The centaur throws a javelin.
The javelin pierces through you.
You die...
Your body rises from the dead as a mindless zombie.

≈≈.≈.....≈≈≈≈≈.....≈.≈≈≈
≈≈.≈≈.oc.≈≈≈≈≈.)⌠.≈≈.≈≈≈
≈≈≈c≈.....≈≈≈.....≈.≈≈≈≈
≈≈≈.≈≈≈....).)..≈≈≈.≈≈≈≈
≈≈≈≈.Z≈≈≈...).≈≈≈).≈≈≈≈≈
≈≈≈≈≈≈))≈#...#≈..≈≈≈≈≈≈≈
≈≈≈≈≈≈≈≈.#...#.≈≈≈≈≈≈≈≈#
#≈≈≈≈≈≈≈≈#...#≈≈≈≈≈≈≈≈##
##≈≈≈≈≈≈≈#..@#≈≈≈≈≈≈≈##
#########'''#########
##...........).))....##
##................)....##
##.......)#######⌠.......##
#≈....#####..)..#####....≈#
#≈...##....≈≈≈≈≈....##...≈#
#≈...#.⌠.≈≈≈..Z≈≈≈.⌠.#.).≈#
#≈...#..≈≈..≈.≈Z.≈≈..#...≈#


You could see a centaur and an orc.

Vanquished Creatures
  A troll (D:6)
  A steam dragon (D:9)
  Edmund (D:3)
  Duvessa (D:4)
  A water moccasin (D:5)
  4 orc warriors (Bailey)
  3 centaurs (Bailey)
  A phantom (D:4)
  2 scorpions (D:5)
  Dowan (D:4)
  A howler monkey (D:4)
  3 hounds
  An orc priest (D:3)
  A gnoll bouda (D:9)
  2 jellies
  4 iguanas
  An orc wizard (D:3)
  4 gnolls (D:9)
  6 adders
  2 ufetubi
  A worm (D:3)
  3 dart slugs
  14 orcs
  4 endoplasms
  9 giant cockroaches
  6 goblins
  6 hobgoblins
  7 kobolds
  3 quokkas
  A ball python (D:3)
  4 bats
  3 frilled lizards
  A hobgoblin zombie (D:3)
  An orc zombie (D:3)
  A quokka zombie (D:3)
105 creatures vanquished.

Vanquished Creatures (collateral kills)
  A black bear (D:4)
  2 orc warriors (Bailey)
  2 centaurs (Bailey)
  A necrophage (D:5)
  An orc priest (D:3)
  A white imp (D:5)
  16 orcs
  A giant cockroach (D:3)
  A goblin (D:4)
26 creatures vanquished.

Vanquished Creatures (others)
  A centaur (Bailey)
  2 centaur zombies (Bailey)
  A gnoll zombie (D:9)
  A dart slug zombie (D:4)
  12 orc zombies
  A fungus (D:3)
  3 plants (D:3)
21 creatures vanquished.

Grand Total: 152 creatures vanquished

Notes
Turn   | Place    | Note
-------+----------+-------------------------------------------
     0 | D:1      | zeram the Gargoyle Fighter began the quest for the Orb.
     0 | D:1      | Reached XP level 1. HP: 14/14 MP: 1/1
     0 | D:1      | Noticed a felid
     1 | D:1      | Noticed a human
     2 | D:1      | Noticed a demigod
     4 | D:1      | Noticed a demonspawn
     4 | D:1      | Noticed a ghoul
     6 | D:1      | Noticed a human
     8 | D:1      | Noticed a draconian
     9 | D:1      | Noticed a formicid
    11 | D:1      | Noticed a vampire
    11 | D:1      | Noticed a barachi
    13 | D:1      | Noticed a spriggan
    15 | D:1      | Noticed a spriggan
    15 | D:1      | Noticed a naga
    15 | D:1      | Noticed a ghoul
    17 | D:1      | Noticed an elf
    17 | D:1      | Noticed a minotaur
    17 | D:1      | Noticed a spriggan
    21 | D:1      | Noticed a minotaur
   226 | D:1      | Reached XP level 2. HP: 19/19 MP: 2/2
   554 | D:1      | Found a faded altar of an unknown god.
   924 | D:2      | Found a basalt altar of Yredelemnul.
   946 | D:2      | Reached XP level 3. HP: 9/24 MP: 3/3
   955 | D:2      | Became a worshipper of Yredelemnul the Dark
  1352 | D:2      | Reached * piety under Yredelemnul
  1702 | D:3      | Found a stormy altar of Qazlal.
  1710 | D:3      | Reached XP level 4. HP: 29/29 MP: 4/4
  1826 | D:3      | Reached skill level 3 in Maces & Flails
  1867 | D:3      | Reached skill level 1 in Dodging
  1867 | D:3      | Reached XP level 5. HP: 30/33 MP: 5/5
  2052 | D:3      | Gained mutation: Your flesh is cold resistant. (rC+)
                  | [potion of mutation]
  2052 | D:3      | Gained mutation: You are partially covered in large bone
                  | plates. (SH +4) [potion of mutation]
  2052 | D:3      | Gained mutation: You are partially covered in iridescent
                  | scales. (AC +2) [potion of mutation]
  2052 | D:3      | Gained mutation: You are mostly covered in large bone
                  | plates. (SH +6) [potion of mutation]
  2204 | D:3      | Reached ** piety under Yredelemnul
  2294 | D:3      | Found a sacrificial altar of Ru.
  2468 | D:4      | Reached skill level 4 in Maces & Flails
  2468 | D:4      | Reached XP level 6. HP: 38/38 MP: 6/6
  2489 | D:4      | Noticed Edmund
  2517 | D:3      | Killed Edmund
  2533 | D:4      | Noticed Duvessa
  2539 | D:4      | Noticed Dowan
  2796 | D:4      | Killed Dowan
  2797 | D:4      | Reached XP level 7. HP: 21/44 MP: 7/7
  2807 | D:4      | Killed Duvessa
  2808 | D:4      | Reached skill level 5 in Maces & Flails
  3119 | D:4      | Reached skill level 5 in Shields
  3229 | D:5      | Entered Level 5 of the Dungeon
  3269 | D:5      | Reached XP level 8. HP: 48/48 MP: 8/8
  3344 | D:5      | Reached skill level 6 in Maces & Flails
  3424 | D:5      | Reached skill level 5 in Fighting
  3817 | D:6      | Noticed a troll
  3832 | D:6      | Killed a troll
  3833 | D:6      | Reached skill level 7 in Maces & Flails
  4007 | D:6      | You fall into a shaft and drop 3 floors!
  4097 | D:9      | Reached XP level 9. HP: 30/55 MP: 9/9
  4125 | D:9      | Found a flagged portal.
  4171 | Bailey   | Entered a bailey
  4512 | Bailey   | Reached skill level 8 in Maces & Flails
  4559 | Bailey   | Hit by a javelin thrown by a centaur

Illustrated notes

Levels and vault maps discovered:
D:1:      shiori_arrival_whats_in_store_for_you, layout_basic,
          hellmonk_ecumenical_altar_pennies_from_heaven
D:2:      layout_rooms, basic_altar
D:3:      layout_loops_ring, nicolae_ru_the_path_less_chosen,
          nicolae_qazlal_general_emergency, nicolae_figureground_pulse
D:4:      layout_rooms, kennysheep_generic_room_7, uniq_edmund, uniq_duvessa
D:5:      layout_rooms
D:6:      layout_loops_corners, nicolae_kite_square_tiling_tiny
D:9:      layout_cave_pods, yredelemnul_altar_generic, enter_bailey_4
Bailey:   bailey_polearm_flooded_kennysheep, bailey

Skill      XL: |  1  2  3  4  5  6  7  8  9 |
---------------+----------------------------+-----
Fighting       | 4 5 6 |  6.3
Maces & Flails | 3 4 5 7 8 |  8.1
Dodging        | 1 2 3 4 |  4.5
Armour         | 4 |  4.9
Shields        | 4 5 6 7 |  7.1
Evocations     | |  0.4

Action                   |  1- 3 |  4- 6 |  7- 9 || total
-------------------------+-------+-------+-------++-------
Melee: Flail             |   100 |   147 |   255 ||   502
Evoke: Wand              |       |       |    10 ||    10
  Use: Scroll            |     2 |     7 |     6 ||    15
       Potion            |       |     5 |     2 ||     7
 Stab: Invisible         |       |     2 |       ||     2
       Distracted        |       |       |     1 ||     1
Armor: Scale mail        |    55 |       |       ||    55
       Troll leather arm |    18 |   105 |   118 ||   241
Dodge: Dodged            |    56 |    88 |   162 ||   306
Block: Buckler           |    24 |    82 |   200 ||   306
